 Dungeon Crawl Stone Soup version 0.18.1-48-g4cf74bf (webtiles) character file.

1703 Heedrag the Magician (level 8, 0/44 HPs)
             Began as a Deep Elf Ice Elementalist on Sept 1, 2016.
             Was a Follower of Vehumet.
             Slain by an ice beast (13 damage)
             ... on level 7 of the Dungeon.
             The game lasted 00:25:06 (8569 turns).

Heedrag the Magician (Deep Elf Ice Elementalist)    Turns: 8569, Time: 00:25:07

Health: 0/44       AC:  3    Str:  7    XL:     8   Next: 73%
Magic:  19/20      EV: 14    Int: 21    God:    Vehumet [*.....]
Gold:   238        SH:  0    Dex: 15    Spells: 5 memorised, 7 levels left

rFire  . . .     SeeInvis .     q - +2 quarterstaff (chaos)
rCold  . . .     Gourm    .     a - +0 robe
rNeg   . . .     Faith    .     (shield currently unavailable)
rPois  .         Spirit   .     (helmet restricted)
rElec  .         Dismiss  .     r - +0 cloak
rCorr  .         Reflect  .     (no gloves)
SustAt .         Harm     .     (no boots)
MR     .....     Rnd*Rage +     M - amulet of inaccuracy (curse)
Stlth  ++........               (no ring)
                                (no ring)

@: not resistant to hostile enchantments, unstealthy
A: horns 1, berserk 1, no device heal 1, sturdy frame 1
a: Renounce Religion


You were on level 7 of the Dungeon.
You worshipped Vehumet.
Vehumet was aware of your devotion.
You were hungry.

You visited 2 branches of the dungeon, and saw 8 of its levels.
You also visited: Sewer.

You collected 238 gold pieces.

Inventory:

Hand Weapons
 q - a +2 quarterstaff of chaos (weapon)
 w - a +1 mace of crushing
Armour
 a - a +0 robe (worn)
 r - a +0 cloak (worn)
 t - a +2 shield
Jewellery
 M - a cursed amulet of inaccuracy (around neck)
Wands
 F - a wand of polymorph (16/24)
 J - a wand of flame (31/48)
Scrolls
 d - 7 scrolls of identify {unknown}
 f - a scroll of enchant weapon {unknown}
 g - a scroll of fog {unknown}
 h - 3 scrolls of remove curse {unknown}
 i - 2 scrolls of recharging {unknown}
 m - a scroll of blinking {unknown}
 n - 2 scrolls of enchant armour {unknown}
 o - a scroll of random uselessness {unknown}
 u - a scroll of immolation {unknown}
 x - a scroll of magic mapping {unknown}
 y - 3 scrolls of fear {unknown}
 A - 2 scrolls of amnesia {unknown}
 G - a scroll of teleportation {unknown}
 L - a scroll of noise {unknown}
Potions
 e - 2 potions of curing {unknown}
 j - 7 potions of flight {unknown}
 k - 3 potions of brilliance {unknown}
 l - a potion of magic {unknown}
 p - a potion of mutation {unknown}
 z - a potion of ambrosia {unknown}
 B - a potion of heal wounds {unknown}
 C - a potion of lignification {unknown}
 D - a potion of resistance {unknown}
 H - a potion of cure mutation {unknown}
 I - 2 potions of agility {unknown}
Books
 b - a book of Frost

   Spells                             Type                      Level
   a - Freeze                         Ice                          1
   b - Throw Frost                    Conjuration/Ice              2
   c - Ozocubu's Armour               Charms/Ice                   3
   d - Throw Icicle                   Conjuration/Ice              4
   e - Summon Ice Beast               Ice/Summoning                4
Comestibles
 c - 8 bread rations
 s - a beef jerky
 v - a meat ration
 E - a slice of pizza


   Skills:
 * Level 2.1 Fighting
 + Level 3.7 Dodging
 - Level 2.4 Stealth
 + Level 7.0 Spellcasting
 * Level 6.9 Conjurations
 + Level 4.8 Charms
 + Level 3.3 Summonings
 + Level 6.2 Ice Magic


You had 7 spell levels left.
You knew the following spells:

 Your Spells              Type           Power        Failure   Level  Hunger
a - Freeze                Ice            ####         1%          1    None
b - Throw Frost           Conj/Ice       #####.       1%          2    None
c - Ozocubu's Armour      Chrm/Ice       ####....     2%          3    #......
d - Throw Icicle          Conj/Ice       #####...     8%          4    ###....
e - Summon Ice Beast      Ice/Summ       ####....     14%         4    ###....


Dungeon Overview and Level Annotations

Branches:
Dungeon (7/15)             Temple (1/1) D:4

Altars:
Ashenzari
Dithmenos
Elyvilon
Fedhas
Gozag
Kikubaaqudgha
Makhleb
Okawaru
Pakellas
Qazlal
Ru
Sif Muna
Trog
Vehumet
The Shining One

Annotations:
D:3 Natasha; Xelenos's ghost, amateur MiFi
D:7 Dowan; Duvessa


Innate Abilities, Weirdness & Mutations

You have a pair of small horns on your head.
You tend to lose your temper in combat.
Potions and wands are less effective at restoring your health.
Your movements are slightly less encumbered by armour (ER -2).


Message History

r - Retreat! s - Stop attackin'. w - Wait 'ere. f - Follow me.
Anythin' else - Stay silent.
Gang up on whom?
Press: ? - help, Dir - move target cursor, f - Dowan, p - ice beast
Aim: Dowan, wieldin' a dagger an' wearin' a robe Attack!
Tha ice beast hits ye.
Tha ice beast freezes ye!
What do ye say? t - Shout!
Orders fer allies: a - Attack new target. p - Attack previous target. r - Retreat! s - Stop attackin'. w - Wait 'ere. f - Follow me.
Anythin' else - Stay silent.
Gang up on whom?
Press: ? - help, Dir - move target cursor, f - Duvessa, p - Dowan
Aim: Duvessa, wieldin' a short sword an' carryin' a wand o' flame {zapped: 1} (fast) Attack!
Tha ice beast hits ye.
* * * LOW HITPOINT WARNIN'
* * * Tha ice beast freezes ye!
Ye die...

######### ........#
###### ........#
#.?..#
........#####
#....#
............#
#....#
.#..........#
#@...#
#.....(....###Ye(.#
#.............e...#
########.Y........#
#..........#
#..........#
#######....# ######


You could see Duvessa, an ice beast and Dowan.

Vanquished Creatures
  Menkaure (D:4)
  Edmund (D:4)
  An orc warrior (D:6)
  A big kobold (Sewer)
  A scorpion (D:6)
  A howler monkey (D:5)
  2 crimson imps (D:5)
  2 hounds
  3 orc priests
  Crazy Yiuf (D:2)
  6 orc wizards
  An iguana (D:4)
  Ijyb (D:2)
  Natasha (twice) (D:3)
  8 worker ants
  2 hound zombies (D:5)
  A hound skeleton (D:5)
  A howler monkey zombie (D:5)
  4 gnolls (D:3)
  11 adders
  A river rat (Sewer)
  3 shadow imps
  2 oozes
  An adder skeleton (D:4)
  7 worms
  A dart slug (D:1)
  3 giant geckos
  12 orcs
  8 bats
  2 bat zombies (D:4)
  6 giant cockroaches
  12 goblins
  9 hobgoblins
  7 jackals
  5 quokkas
  2 ball pythons
  A giant cockroach zombie (D:5)
  A giant gecko skeleton (D:4)
  9 giant newts
  12 kobolds
  12 rats
167 creatures vanquished.

Vanquished Creatures (collateral kills)
  A sky beast (D:6)
  A phantom (D:4)
  An ogre (D:5)
  3 giant frogs (D:6)
  3 gnolls (D:5)
  3 orcs
12 creatures vanquished.

Vanquished Creatures (others)
  An orc priest (D:4)
  A giant frog skeleton (D:4)
  An orc wizard (D:4)
  3 orcs (D:4)
  A jackal (D:6)
  A ball python (D:4)
8 creatures vanquished.

Grand Total: 187 creatures vanquished

Notes
Turn   | Place    | Note
--------------------------------------------------------------
     0 | D:1      | Heedrag the Deep Elf Ice Elementalist began the quest for the Orb.
     0 | D:1      | Reached XP level 1. HP: 10/10 MP: 6/6
    66 | D:1      | Reached XP level 2. HP: 14/15 MP: 2/8
   154 | D:1      | Learned a level 2 spell: Throw Frost
   606 | D:2      | Reached XP level 3. HP: 19/19 MP: 8/10
   615 | D:2      | Learned a level 3 spell: Ozocubu's Armour
   619 | D:2      | Noticed Ijyb
   630 | D:2      | Killed Ijyb
   630 | D:2      | Reached skill level 4 in Spellcasting
   691 | D:2      | Reached XP level 4. HP: 14/24 MP: 4/12
  1151 | D:2      | Noticed Crazy Yiuf
  1159 | D:2      | Killed Crazy Yiuf
  1159 | D:2      | Reached XP level 5. HP: 13/28 MP: 1/13
  1189 | D:2      | HP: 1/28 [poisoned by Crazy Yiuf]
  1611 | D:2      | Found a sacrificial altar of Ru.
  1780 | D:2      | Learned a level 4 spell: Throw Icicle
  2177 | D:3      | Reached skill level 5 in Spellcasting
  2250 | D:3      | Noticed Natasha
  2259 | D:3      | Killed Natasha
  2321 | D:3      | Reached XP level 6. HP: 12/32 MP: 12/15
  2383 | D:3      | Noticed Xelenos's ghost (amateur MiFi)
  2599 | D:3      | Reached skill level 5 in Ice Magic
  2887 | D:3      | Learned a level 4 spell: Summon Ice Beast
  2980 | D:3      | Noticed Natasha
  2982 | D:3      | Killed Natasha
  3071 | D:3      | Found a shadowy altar of Dithmenos.
  3347 | D:4      | Found a staircase to the Ecumenical Temple.
  3448 | Temple   | Entered the Ecumenical Temple
  3758 | D:4      | Found a glowing drain.
  3766 | Sewer    | Entered a sewer
  3867 | Sewer    | Reached skill level 5 in Conjurations
  3867 | Sewer    | Reached skill level 1 in Charms
  3990 | Sewer    | Found a white marble altar of Elyvilon.
  4067 | D:4      | Found a white marble altar of Elyvilon.
  4067 | D:4      | Found a shattered altar of Ashenzari.
  4068 | D:4      | Found a radiant altar of Vehumet.
  4068 | D:4      | Found a bloodstained altar of Trog.
  4088 | D:4      | Became a worshipper of Vehumet
  4128 | D:4      | Noticed Menkaure
  4132 | D:4      | Noticed Edmund
  4383 | D:3      | Noticed Natasha
  4935 | D:4      | Reached skill level 1 in Summonings
  4935 | D:4      | Reached XP level 7. HP: 36/36 MP: 9/17
  5491 | D:4      | Killed Edmund
  5753 | D:4      | Reached skill level 6 in Spellcasting
  5795 | D:4      | Found an ancient bone altar of Kikubaaqudgha.
  5901 | D:4      | Killed Menkaure
  6347 | D:5      | Entered Level 5 of the Dungeon
  6453 | D:5      | Reached XP level 8. HP: 35/42 MP: 11/19
  6959 | D:5      | Reached skill level 1 in Fighting
  7123 | D:5      | Reached * piety under Vehumet
  7123 | D:5      | Offered knowledge of Shock by Vehumet.
  7761 | D:6      | Gained mutation: You tend to lose your temper in combat. [mutagenic meat]
  7762 | D:6      | Gained mutation: Your movements are slightly less encumbered by armour (ER -2). [mutagenic meat]
  7763 | D:6      | Gained mutation: You have a pair of small horns on your head. [mutagenic meat]
  7764 | D:6      | Gained mutation: Potions and wands are less effective at restoring your health. [mutagenic meat]
  8103 | D:6      | Reached skill level 7 in Spellcasting
  8207 | D:6      | Found a stormy altar of Qazlal.
  8415 | D:6      | Found an opulent altar of Gozag.
  8554 | D:7      | Noticed Dowan
  8556 | D:7      | Noticed Duvessa
  8569 | D:7      | Slain by an ice beast

Skill      XL: |  1  2  3  4  5  6  7  8 |
---------------+-------------------------+-----
Ice Magic      | 4 5 6 |  6.2
Spellcasting   | 4 5 6 7 |  7.0
Conjurations   | 2 3 4 5 6 |  6.9
Charms         | 1 3 4 |  4.8
Summonings     | 1 2 3 |  3.3
Fighting       | 2 |  2.1
Dodging        | 3 |  3.7
Stealth        | |  2.4

Action                   |  1- 3 |  4- 6 |  7- 9 || total
-------------------------+-------+-------+-------++-------
Melee: Unarmed           |     8 |     1 |       ||     9
       Quarterstaff      |       |    49 |    76 ||   125
       Headbutt          |       |       |     3 ||     3
 Cast: Freeze            |    39 |   118 |    66 ||   223
       Throw Frost       |     1 |    19 |    52 ||    72
       Ozocubu's Armour  |     1 |     7 |     1 ||     9
       Summon Ice Beast  |       |       |    15 ||    15
 Stab: Sleeping          |       |     6 |     2 ||     8
       Paralysed         |       |     2 |       ||     2
       Distracted        |       |       |     1 ||     1
       Petrifying        |       |       |     1 ||     1
  Eat: Chunk             |       |    11 |    19 ||    30
       Beef jerky        |       |     1 |       ||     1
Armor: Robe              |     8 |    21 |    26 ||    55
Dodge: Dodged            |    35 |    92 |    98 ||   225
